 Dungeon Crawl Stone Soup version 0.26-a0-835-g8259106e14 (webtiles) character file.

Game seed: 11526404912159229543

732 iamoutofideas the Grappler (level 7, -12/62 HPs)
             Began as a Troll Hunter on Nov 17, 2020.
             Killed by divine providence
             ... invoked by an orc priest
              (13 damage)
             ... on level 5 of the Dungeon.
             The game lasted 00:03:11 (3245 turns).

iamoutofideas the Grappler (Troll Hunter)           Turns: 3245, Time: 00:03:13

Health: -12/62     AC: 10    Str: 23    XL:     7   Next: 45%
Magic:  6/6        EV: 10    Int:  7    God:
Gold:   289        SH:  0    Dex: 10    Spells: 6/6 levels left

rFire    . . .     SeeInvis .     - Unarmed
rCold    . . .     Faith    .   (no shield)
rNeg     . . .     Spirit   .   b - +0 robe
rPois    +         Reflect  .   (helmet restricted)
rElec    .         Harm     .   (no cloak)
rCorr    .         Rampage  .   (gloves unavailable)
MR       .....                  (boots unavailable)
Stlth    +.........             (no amulet)
HPRegen  0.60/turn              j - +4 ring of protection
MPRegen  0.10/turn              v - ring of poison resistance

@: no status effects
A: large, unfitting armour, claws 3, regeneration 1, shaggy fur 1, tough skin 3
a: no special abilities


You were on level 5 of the Dungeon.
You visited 1 branch of the dungeon, and saw 5 of its levels.

You collected 289 gold pieces.

Inventory:

Missiles
 c - 5 large rocks (quivered)
 d - 2 throwing nets
 f - 149 stones
 m - 35 poisoned darts
Armour
 b - a +0 robe (worn)
Jewellery
 j - a +4 ring of protection (left claw)
 v - a ring of poison resistance (right claw)
Wands
 l - a wand of disintegration (21)
 x - a wand of flame (35)
 y - a wand of paralysis (5)
Scrolls
 a - 2 scrolls of enchant weapon
 g - 5 scrolls of remove curse
 h - 4 scrolls of teleportation
 k - a scroll of amnesia
 p - a scroll of enchant armour {unknown}
 s - a scroll of identify
Potions
 e - a potion of berserk rage {unknown}
 i - 2 potions of brilliance {unknown}
 n - 4 potions of curing
 o - a potion of mutation {unknown}
 q - a potion of flight {unknown}
 r - a potion of haste {unknown}
 t - 3 potions of cancellation
 u - a potion of resistance {unknown}
 w - 2 potions of attraction
 z - 3 potions of degeneration {unknown}


   Skills:
 - Level 1.5 Fighting
 - Level 3.6 Throwing
 - Level 1.5 Dodging
 - Level 0.3 Stealth
 + Level 8.2 Unarmed Combat


You had 6 spell levels left.
You didn't know any spells.
Your spell library contained the following spells:

 Spells                   Type           Power        Failure   Level
 Foxfire                  Conj/Fire      #...         43%         1
 Conjure Flame            Conj/Fire      #.......     80%         3
 Inner Flame              Hex/Fire       #.......     80%         3
 Sticky Flame             Conj/Fire      #.......     99%         4
 Fireball                 Conj/Fire      #.........   100%        5


Dungeon Overview and Level Annotations

Branches:
Dungeon (5/15)
 Temple: D:4-7

Altars:
Ashenzari
Qazlal
Trog
Xom
Yredelemnul

Shops:
D:4 [


Innate Abilities, Weirdness & Mutations

You are too large for most types of armour.
You have claws for hands.
Your natural rate of healing is unusually fast.
You are covered in fur. (AC +1)
You have extremely tough skin. (AC +3)


Message History

Beogh smites you!
* * * LOW HITPOINT WARNING * * *
You closely miss the orc. You closely miss the orc. You claw the orc!
You kill the orc!
You scratch the orc.
The orc is moderately wounded.
The orc blocks your attack.
The orc is moderately wounded.
An adder comes into view.
The orc hits you with a +0 flail!
* * * LOW HITPOINT WARNING * * *
The adder hisses angrily.
You claw the orc!
You kill the orc!
An orc wizard comes into view. It is wielding a +0 dagger.
The orc priest mumbles some strange prayers to Beogh against you.
Beogh smites you!
You die...

.............o.....
..............{....
........o.....o....
...................
........(..).....).
.........o.(.......
#######o.##########
#S.##################
#ooo@()....(.........
#####################


You could see an orc priest, an orc wizard (wandering), an adder and 2 orcs.

Vanquished Creatures
  Duvessa (D:5)
  A scorpion (D:5)
  Dowan (D:5)
  2 howler monkeys (D:4)
  A bullfrog skeleton (D:5)
  5 orc wizards
  2 iguanas (D:4)
  2 worker ants (D:4)
  2 hound skeletons
  4 adders (D:2)
  An ooze (D:1)
  An adder skeleton (D:4)
  2 dart slugs
  5 worms
  4 leopard geckos
  9 orcs
  5 bats
  4 giant cockroaches
  7 goblins
  6 hobgoblins
  7 jackals
  7 kobolds
  A quokka (D:5)
  6 frilled lizards
  A quokka skeleton (D:4)
  8 rats
  A spectral orc (D:3)
96 creatures vanquished.

Notes
Turn   | Place    | Note
-------+----------+-------------------------------------------
     0 | D:1      | iamoutofideas the Troll Hunter began the quest for the Orb.
     0 | D:1      | Reached XP level 1. HP: 19/19 MP: 0/0
    50 | D:1      | Reached skill level 1 in Unarmed Combat
   175 | D:1      | Reached XP level 2. HP: 27/27 MP: 1/1
   408 | D:1      | Reached skill level 2 in Unarmed Combat
   665 | D:2      | Reached XP level 3. HP: 33/33 MP: 2/2
   698 | D:2      | Reached skill level 3 in Unarmed Combat
   765 | D:2      | Reached XP level 4. HP: 40/41 MP: 3/3
   954 | D:2      | Reached skill level 4 in Unarmed Combat
  1023 | D:2      | Found a bloodstained altar of Trog.
  1041 | D:2      | Found a broken altar of Ashenzari.
  1344 | D:3      | Found a shimmering altar of Xom.
  1708 | D:3      | Reached XP level 5. HP: 43/48 MP: 4/4
  1722 | D:3      | Reached skill level 5 in Unarmed Combat
  1796 | D:3      | Found a basalt altar of Yredelemnul.
  2120 | D:4      | Found a stormy altar of Qazlal.
  2133 | D:4      | Noticed Duvessa
  2135 | D:4      | Noticed Dowan
  2152 | D:5      | Entered Level 5 of the Dungeon
  2155 | D:5      | HP: 2/48 [Dowan/puff of frost (11)]
  2476 | D:4      | Reached XP level 6. HP: 55/55 MP: 5/5
  2481 | D:4      | Reached skill level 6 in Unarmed Combat
  2767 | D:4      | Found Duomosm's Armour Boutique.
  2971 | D:5      | Killed Dowan
  2997 | D:5      | Reached skill level 7 in Unarmed Combat
  3032 | D:5      | Killed Duvessa
  3033 | D:5      | Reached XP level 7. HP: 26/62 MP: 6/6
  3226 | D:5      | Reached skill level 8 in Unarmed Combat
  3244 | D:5      | HP: 1/62 [orc/+0 flail (11)]
  3245 | D:5      | Killed from afar by an orc priest

Illustrated notes

Levels and vault maps discovered:
D:1:      onia_arrival_mini_maze, layout_basic
D:2:      minmay_recursive_quarters, layout_rooms, ashenzari_altar_1,
          trog_three_pillars_becter
D:3:      layout_rooms, nicolae_overflow_crystal_walls,
          yredelemnul_forgotten_temple_becter, serial_co_window_serial,
          co_window_paths_a, co_window_paths_a, co_window_of_opportunity_a,
          co_window_corner_a, co_window_paths_a, co_window_broadway_c,
          co_window_2corner, co_window_unsneaky_path_c,
          co_window_unsneaky_path_a, glass_columns_a, minmay_distorted
D:4:      layout_cave_pods, serial_shops, shop_statue,
          chequers_decorated_corner, grunt_qazlal_sundering, uniq_duvessa
D:5:      layout_basic, kennysheep_mini, serial_shops, shop,
          grunt_decor_resistance, led_sif_pool

Skill      XL: |  1  2  3  4  5  6  7 |
---------------+----------------------+-----
Unarmed Combat | 1 2 3 4 5 7 8 |  8.2
Fighting       | |  1.5
Throwing       | |  3.6
Dodging        | |  1.5
Stealth        | |  0.3

Action                   |  1- 3 |  4- 6 |  7- 9 || total
-------------------------+-------+-------+-------++-------
Melee: Unarmed           |    99 |   197 |    32 ||   328
       Punch             |     1 |     6 |     2 ||     9
  Use: Scroll            |       |    10 |       ||    10
       Potion            |       |     1 |       ||     1
Armor: Robe              |    34 |    96 |    18 ||   148
Dodge: Dodged            |    57 |   115 |    31 ||   203

Table legend: (Time is in decaauts)
 A = Elapsed time spent in this place.
 B = Non-inter-level travel time spent in this place.
 C = Inter-level travel time spent in this place.
 D = Time resting spent in this place.
 E = Time spent auto-exploring this place.
 F = Levels seen in this place.
 G = Mean time per level.
                   A        B        C        D        E       F      G
               +--------+--------+--------+--------+--------+-----+--------+
         Total |   3227 |   3065 |    162 |    121 |   2341 |   5 |  645.4 |
       Dungeon |   3227 |   3065 |    162 |    121 |   2341 |   5 |  645.4 |
               +--------+--------+--------+--------+--------+-----+--------+

Top non-repeatable levels by time:
     D:4: 841 daAuts
     D:3: 840 daAuts
     D:1: 640 daAuts
     D:2: 530 daAuts
     D:5: 374 daAuts
